[Event "SRB-chT 1st League Men 2018"]
[Site "Valjevo"]
[Date "2018.09.02"]
[Round "3"]
[White "Ilincic, Zlatko"]
[Black "Sedlak, Nikola"]
[Result "0-1"]
[ECO "D02"]
[WhiteElo "2429"]
[BlackElo "2587"]
[Annotator "ChessBase"]
[PlyCount "72"]
[EventDate "2018.08.31"]
[EventType "team-tourn"]
[EventCountry "SRB"]
[SourceTitle "playchess.com"]
[Source "ChessBase"]
[SourceQuality "1"]
[TimeControl "40/5400+30:1800+30"]

1. d4 Nf6 2. c4 e6 3. g3 Bb4+ 4. Bd2 Be7 5. Bg2 d5 6. Nf3 Ne4 7. O-O c6 8. Qc2 f5 9. Bf4 Nd7 10. Ne1 g5 11. Bc1 Bf6 12. f3 Nd6 13. cxd5 cxd5 14. Qd3 Nb8 15. Nc3 b6 16. Nc2 Ba6 17. Qd1 Nc6 18. Re1 O-O 19. e4 dxe4 20. fxe4 Nxe4 21. Nxe4 fxe4 22. Rxe4 Bc4 23. Qg4 Kh8 24. Be3 Rc8 25. Rd1 Bxa2 26. Rxe6 Bxe6 27. Qxe6 Na5 28. Be4 Nc4 29. Bf2 Bg7 30. Qh3 h6 31. d5 Nd6 32. Bd3 Rc7 33. Nd4 Rxf2 34. Ne6 Qf6 35. Nxc7 Qf3 36. Re1 Rf1+ 0-1

[Event "SRB-chT 1st League Men 2018"]
[Site "Valjevo"]
[Date "2018.09.02"]
[Round "3"]
[White "Simonovic, Aleksandar"]
[Black "Maksimovic, Branimir"]
[Result "1/2-1/2"]
[ECO "B07"]
[WhiteElo "2363"]
[BlackElo "2306"]
[Annotator "NA"]
[PlyCount "72"]
[EventDate "2018.08.31"]
[EventType "team-tourn"]
[EventCountry "SRB"]
[SourceTitle "playchess.com"]
[Source "ChessBase"]
[SourceQuality "1"]
[TimeControl "40/5400+30:1800+30"]

1. e4 d6 2. d4 Nf6 3. Nc3 e5 4. dxe5 dxe5 5. Qxd8+ Kxd8 6. Bc4 Ke8 {[%emt 0:00:30] B07: Pirc Defence: Miscellaneous Systems} 7. f3 (7. f4 Bb4 8. Bd3 Nc6 9. Nf3 Bg4 10. fxe5 Nd7 11. Bf4 Bxf3 12. gxf3 Ncxe5 13. Be2 f6 14. Bd2 {½-½ (56) Sarana,A (2587)-Khismatullin,D (2632) Sochi 2018}) 7... c6 8. Nge2 Nbd7 9. a4 a5 10. Bd2 Bb4 11. Nc1 $146 ({Predecessor:} 11. Nb1 Nb6 12. Bb3 Nfd7 13. c3 Bd6 14. Bc2 {0-1 (56) Zelbel,P (2345)-Henrichs,T (2490) Vlissingen 2010}) 11... Nc5 12. b3 Ne6 13. Bxe6 Bxe6 14. Nd3 Nd7 15. Nxb4 axb4 16. Nd1 c5 17. Nb2 Ke7 18. Ke2 f6 19. Nd3 b6 20. Rhb1 Rhc8 21. Be3 Ra5 22. Bd2 Ra6 23. Kd1 Nb8 24. Kc1 Nc6 25. Kb2 Na5 26. f4 exf4 27. Nxf4 Ra7 28. Re1 Rd7 29. Be3 Rc6 30. Rad1 Rcd6 31. Kc1 g5 32. Rxd6 Rxd6 $11 33. Nh5 Bg4 34. e5 fxe5 35. Bxg5+ Kf7 36. Ng3 Nc6 1/2-1/2

[Event "SRB-chT 1st League Men 2018"]
[Site "Valjevo"]
[Date "2018.09.03"]
[Round "4"]
[White "Radlovacki, Jovan"]
[Black "Omorjan, Dejan"]
[Result "1-0"]
[ECO "B53"]
[WhiteElo "2312"]
[BlackElo "2260"]
[Annotator "NA"]
[PlyCount "79"]
[EventDate "2018.08.31"]
[EventType "team-tourn"]
[EventCountry "SRB"]
[SourceTitle "playchess.com"]
[Source "ChessBase"]
[SourceQuality "1"]
[TimeControl "40/5400+30:1800+30"]

1. e4 c5 2. Nf3 d6 3. d4 cxd4 4. Qxd4 a6 5. c4 Nc6 6. Qe3 g6 {[%emt 0:00:30] B53: Sicilian: 2...d6: Lines with Qxd4} (6... Bg4 7. Nd4 g6 8. Nc3 Bg7 9. Nxc6 bxc6 10. h3 Be6 11. Be2 Nf6 12. O-O O-O 13. f4 Qa5 14. Bd2 {1-0 (50) Karjakin,S (2763)-Nepomniachtchi,I (2751) Moscow 2018}) 7. h3 {[%emt 0:00:30] LiveBook: 117 Partien} Bg7 8. Be2 Nf6 9. O-O O-O 10. Nc3 Be6 11. Rb1 Nd7 12. b3 Nde5 13. Ng5 $146 Bd7 14. Rd1 h6 15. Nf3 f5 16. c5 f4 17. Qd2 Nxf3+ 18. Bxf3 Nd4 19. Ba3 e5 20. Qd3 $17 Qa5 21. Qc4+ Be6 22. Bb4 Qd8 23. Qd3 Qg5 24. Kf1 dxc5 25. Bxc5 Rfd8 26. Nd5 Bxd5 27. exd5 Rac8 28. Bxd4 exd4 29. Rbc1 Rc3 30. Qe4 Qf6 31. Rc2 Qd6 32. Re2 Rc7 33. Rde1 Kh7 34. Qb1 Rdc8 35. Re6 Qb4 36. Qxg6+ Kh8 37. Re8+ Bf8 38. Qxh6+ Rh7 39. Qf6+ Rg7 40. Rxc8 1-0

[Event "SRB-chT 1st League Men 2018"]
[Site "Valjevo"]
[Date "2018.09.03"]
[Round "4"]
[White "Zegarac, Vuk"]
[Black "Simonovic, Aleksandar"]
[Result "*"]
[ECO "B22"]
[WhiteElo "2282"]
[BlackElo "2363"]
[Annotator "NA"]
[PlyCount "35"]
[EventDate "2018.08.31"]
[EventType "team-tourn"]
[EventCountry "SRB"]
[SourceTitle "playchess.com"]
[Source "ChessBase"]
[SourceQuality "1"]
[TimeControl "40/5400+30:1800+30"]

1. d4 e6 2. Nf3 c5 3. c3 Nc6 4. e4 d5 5. exd5 exd5 6. Be2 cxd4 7. Nxd4 Bd6 8. O-O h6 9. Nxc6 bxc6 10. c4 Ne7 11. cxd5 cxd5 12. Bf4 O-O 13. Bxd6 Qxd6 14. Nc3 Rd8 15. Nb5 $11 Qb6 16. Qd4 Rb8 17. Qxb6 Rxb6 18. Nxa7 *

[Event "SRB-chT 1st League Men 2018"]
[Site "Valjevo"]
[Date "2018.09.07"]
[Round "8"]
[White "Bozic, Milan"]
[Black "Radovic, Janko"]
[Result "*"]
[ECO "D37"]
[WhiteElo "2334"]
[BlackElo "2405"]
[Annotator "ChessBase"]
[PlyCount "89"]
[EventDate "2018.08.31"]
[EventType "team-tourn"]
[EventCountry "SRB"]
[SourceTitle "playchess.com"]
[Source "ChessBase"]
[SourceQuality "1"]
[TimeControl "40/5400+30:1800+30"]

1. d4 Nf6 2. Nf3 e6 3. c4 Be7 4. Nc3 d5 5. Qc2 O-O 6. cxd5 exd5 7. Bf4 c5 8. e3 Nc6 9. h3 cxd4 10. Nxd4 Nxd4 11. exd4 Bd6 12. Bxd6 Qxd6 13. Be2 Ne4 14. O-O Nxc3 15. Qxc3 Be6 16. Rac1 Rac8 17. Qd2 h6 18. Bf3 b6 19. a3 Rxc1 20. Rxc1 Rc8 21. b4 Rc6 22. h4 Rc4 23. Be2 Rxc1+ 24. Qxc1 a5 25. bxa5 bxa5 26. Qc3 Qb6 27. Bd3 Bd7 28. g3 Bg4 29. f3 Bd7 30. Kf2 g6 31. Ke3 Qe6+ 32. Kd2 Qb6 33. f4 Kg7 34. Bc2 Bg4 35. Kc1 Qe6 36. Bb3 Bf5 37. Kd2 Qe4 38. Qe3 Qg2+ 39. Ke1 Be4 40. Qf2 Qh1+ 41. Qf1 Qh2 42. Qf2 Qh3 43. Bd1 h5 44. Kd2 Qe6 45. Qe3 *

[Event "SRB-chT 1st League Men 2018"]
[Site "Valjevo"]
[Date "2018.09.07"]
[Round "8"]
[White "Maksimovic, Branimir"]
[Black "Radlovacki, Jovan"]
[Result "1/2-1/2"]
[ECO "D02"]
[WhiteElo "2306"]
[BlackElo "2312"]
[Annotator "NA"]
[PlyCount "115"]
[EventDate "2018.08.31"]
[EventType "team-tourn"]
[EventCountry "SRB"]
[SourceTitle "playchess.com"]
[Source "ChessBase"]
[SourceQuality "1"]
[TimeControl "40/5400+30:1800+30"]

1. Nf3 Nf6 2. d4 e6 3. Bf4 b6 4. e3 Be7 5. h3 Bb7 6. Nbd2 O-O 7. Bd3 {[%emt 0:00:20] LiveBook: 168 Games} d5 8. O-O c5 9. c3 Nc6 10. Qb1 {[%emt 0:02:24] D02: 1 d4 d5 2 Nf3 sidelines, including 2...Nf6 3 g3 and 2...Nf6 3 Bf4} (10. Re1 Bd6 11. Bxd6 Qxd6 12. e4 dxe4 13. Nxe4 Nxe4 14. Bxe4 Rad8 15. dxc5 Qxc5 16. Qe2 Rd6 17. Rad1 Rfd8 18. Rxd6 Rxd6 {½-½ (30) Safarli,E (2633)-Salgado Lopez,I (2627) Linares 2017}) 10... Bd6 11. Ne5 Qc7 12. Ndf3 Nd8 $146 ({Predecessor:} 12... Ne7 13. a4 h6 14. Bh2 Ne4 15. Qd1 f6 16. Ng4 Bxh2+ 17. Ngxh2 cxd4 18. exd4 {0-1 (51) Yuksel,M (2052)-Sharif,M (2462) Kamena Vourla 2012}) 13. Ng5 h6 14. Nh7 Nxh7 15. Bxh7+ Kh8 16. Bd3 Nc6 17. Nxc6 Bxf4 18. exf4 Qxc6 19. Qd1 Qd6 20. Qd2 Bc6 21. Rfe1 Bd7 22. Re5 Rae8 23. Rae1 cxd4 24. cxd4 Rc8 25. a3 f6 26. R5e2 f5 27. g3 Rf6 28. Qb4 Qxb4 29. axb4 Rff8 30. Ra1 Rc7 31. h4 Kg8 32. Ree1 Kf7 33. b5 Rfc8 34. Kf1 Kf6 35. Ke2 Be8 36. Kd2 Bh5 37. Re3 Rd8 38. f3 Rg8 39. Be2 Rgc8 40. Rc3 Rxc3 41. bxc3 Rc7 42. g4 Bg6 43. h5 Bf7 44. Bd3 g6 45. hxg6 Bxg6 46. Rh1 Rh7 47. c4 dxc4 48. Bxc4 Rd7 49. Kc3 Rh7 50. Rxh6 $1 Rxh6 51. g5+ Ke7 52. gxh6 $18 Kd6 53. Kd2 Bh7 54. Ke3 Bg6 55. Kf2 Ke7 56. Kg3 Kf6 57. Kh4 Bh7 58. Kh5 1/2-1/2

[Event "SRB-chT 1st League Men 2018"]
[Site "Valjevo"]
[Date "2018.09.10"]
[Round "11"]
[White "Laketic, Gojko"]
[Black "Krstic, Petar"]
[Result "1-0"]
[ECO "E21"]
[WhiteElo "2335"]
[BlackElo "2323"]
[Annotator "NA"]
[PlyCount "73"]
[EventDate "2018.08.31"]
[EventType "team-tourn"]
[EventCountry "SRB"]
[SourceTitle "playchess.com"]
[Source "ChessBase"]
[SourceQuality "1"]
[TimeControl "40/5400+30:1800+30"]

1. d4 Nf6 2. c4 e6 3. Nc3 Bb4 4. Bd2 b6 5. Nf3 O-O 6. Rc1 {[%emt 0:09:20] E21: Nimzo-Indian: 4 Nf3} Bb7 (6... c5 7. dxc5 Bxc5 8. g3 Bb7 9. Bg2 Ne4 10. O-O Nxd2 11. Qxd2 Qe7 12. a3 a5 13. Rfd1 Rd8 {1-0 (50) Mamedyarov,S (2747)-Adams,M (2744) Wijk aan Zee 2016 CBM 171 [Krasenkow,M]}) 7. g3 Bxf3 8. exf3 d5 $146 ({Predecessor:} 8... d6 9. Bg2 Nbd7 10. O-O c6 {½-½ (10) Buesdorf,K (1880)-Tochtermann,G (1940) Bad Woerishofen 1996}) 9. a3 Be7 (9... Bxc3 $5 10. bxc3 Nc6 $11) 10. cxd5 exd5 11. Na4 Re8 12. Be2 c6 13. O-O Nfd7 14. Be3 a5 15. Nc3 Bd6 16. Qc2 Ra7 17. Rfd1 g6 18. Bf1 Nf8 19. f4 Ne6 20. f5 Ng7 21. fxg6 fxg6 22. Bh3 Rf7 23. Qd2 Ne6 24. Re1 Bf8 25. Ne2 Bg7 26. Bg2 Qf6 27. Nf4 Ref8 28. Nxe6 Qxe6 29. Bf4 Qd7 30. Re2 Rxf4 31. gxf4 Bh6 32. Rce1 $16 Qg4 33. Re8 Nd7 34. Qe2 Qxf4 35. Qe6+ Qf7 36. Rxf8+ Bxf8 37. Qxc6 1-0